%YAML 1.1
%TAG !u! tag:unity3d.com,2011:
--- !u!1 &3279689936028278716
GameObject:
  m_ObjectHideFlags: 0
  m_CorrespondingSourceObject: {fileID: 0}
  m_PrefabInstance: {fileID: 0}
  m_PrefabAsset: {fileID: 0}
  serializedVersion: 6
  m_Component:
  - component: {fileID: 3279689936028278707}
  - component: {fileID: 3279689936028278704}
  - component: {fileID: 3279689936028278705}
  - component: {fileID: 3279689936028278706}
  m_Layer: 5
  m_Name: Text (TMP)
  m_TagString: Untagged
  m_Icon: {fileID: 0}
  m_NavMeshLayer: 0
  m_StaticEditorFlags: 0
  m_IsActive: 1
--- !u!224 &3279689936028278707
RectTransform:
  m_ObjectHideFlags: 0
  m_CorrespondingSourceObject: {fileID: 0}
  m_PrefabInstance: {fileID: 0}
  m_PrefabAsset: {fileID: 0}
  m_GameObject: {fileID: 3279689936028278716}
  m_LocalRotation: {x: -0, y: -0, z: -0, w: 1}
  m_LocalPosition: {x: 0, y: 0, z: -5.43}
  m_LocalScale: {x: 1, y: 1, z: 1}
  m_ConstrainProportionsScale: 0
  m_Children: []
  m_Father: {fileID: 5872853876899330305}
  m_RootOrder: -1
  m_LocalEulerAnglesHint: {x: 0, y: 0, z: 0}
  m_AnchorMin: {x: 0.5, y: 0.5}
  m_AnchorMax: {x: 0.5, y: 0.5}
  m_AnchoredPosition: {x: 18.2, y: -15.02}
  m_SizeDelta: {x: 200, y: 50}
  m_Pivot: {x: 0.5, y: 0.5}
--- !u!222 &3279689936028278704
CanvasRenderer:
  m_ObjectHideFlags: 0
  m_CorrespondingSourceObject: {fileID: 0}
  m_PrefabInstance: {fileID: 0}
  m_PrefabAsset: {fileID: 0}
  m_GameObject: {fileID: 3279689936028278716}
  m_CullTransparentMesh: 1
--- !u!114 &3279689936028278705
MonoBehaviour:
  m_ObjectHideFlags: 0
  m_CorrespondingSourceObject: {fileID: 0}
  m_PrefabInstance: {fileID: 0}
  m_PrefabAsset: {fileID: 0}
  m_GameObject: {fileID: 3279689936028278716}
  m_Enabled: 1
  m_EditorHideFlags: 0
  m_Script: {fileID: 11500000, guid: f4688fdb7df04437aeb418b961361dc5, type: 3}
  m_Name: 
  m_EditorClassIdentifier: 
  m_Material: {fileID: 0}
  m_Color: {r: 1, g: 1, b: 1, a: 1}
  m_RaycastTarget: 1
  m_RaycastPadding: {x: 0, y: 0, z: 0, w: 0}
  m_Maskable: 1
  m_OnCullStateChanged:
    m_PersistentCalls:
      m_Calls: []
  m_text: 
  m_isRightToLeft: 0
  m_fontAsset: {fileID: 11400000, guid: 8f586378b4e144a9851e7b34d9b748ee, type: 2}
  m_sharedMaterial: {fileID: 2180264, guid: 8f586378b4e144a9851e7b34d9b748ee, type: 2}
  m_fontSharedMaterials: []
  m_fontMaterial: {fileID: 0}
  m_fontMaterials: []
  m_fontColor32:
    serializedVersion: 2
    rgba: 4278519045
  m_fontColor: {r: 0.01886791, g: 0.01886791, b: 0.01886791, a: 1}
  m_enableVertexGradient: 0
  m_colorMode: 3
  m_fontColorGradient:
    topLeft: {r: 1, g: 1, b: 1, a: 1}
    topRight: {r: 1, g: 1, b: 1, a: 1}
    bottomLeft: {r: 1, g: 1, b: 1, a: 1}
    bottomRight: {r: 1, g: 1, b: 1, a: 1}
  m_fontColorGradientPreset: {fileID: 0}
  m_spriteAsset: {fileID: 0}
  m_tintAllSprites: 0
  m_StyleSheet: {fileID: 0}
  m_TextStyleHashCode: -1183493901
  m_overrideHtmlColors: 0
  m_faceColor:
    serializedVersion: 2
    rgba: 4294967295
  m_fontSize: 2
  m_fontSizeBase: 2
  m_fontWeight: 400
  m_enableAutoSizing: 0
  m_fontSizeMin: 18
  m_fontSizeMax: 72
  m_fontStyle: 0
  m_HorizontalAlignment: 1
  m_VerticalAlignment: 256
  m_textAlignment: 65535
  m_characterSpacing: 0
  m_wordSpacing: 0
  m_lineSpacing: 0
  m_lineSpacingMax: 0
  m_paragraphSpacing: 0
  m_charWidthMaxAdj: 0
  m_enableWordWrapping: 1
  m_wordWrappingRatios: 0.4
  m_overflowMode: 0
  m_linkedTextComponent: {fileID: 0}
  parentLinkedComponent: {fileID: 0}
  m_enableKerning: 1
  m_enableExtraPadding: 0
  checkPaddingRequired: 0
  m_isRichText: 1
  m_parseCtrlCharacters: 1
  m_isOrthographic: 1
  m_isCullingEnabled: 0
  m_horizontalMapping: 0
  m_verticalMapping: 0
  m_uvLineOffset: 0
  m_geometrySortingOrder: 0
  m_IsTextObjectScaleStatic: 0
  m_VertexBufferAutoSizeReduction: 0
  m_useMaxVisibleDescender: 1
  m_pageToDisplay: 1
  m_margin: {x: 75.4065, y: 8.693279, z: 84.03223, w: 19.099384}
  m_isUsingLegacyAnimationComponent: 0
  m_isVolumetricText: 0
  m_hasFontAssetChanged: 0
  m_baseMaterial: {fileID: 0}
  m_maskOffset: {x: 0, y: 0, z: 0, w: 0}
--- !u!114 &3279689936028278706
MonoBehaviour:
  m_ObjectHideFlags: 0
  m_CorrespondingSourceObject: {fileID: 0}
  m_PrefabInstance: {fileID: 0}
  m_PrefabAsset: {fileID: 0}
  m_GameObject: {fileID: 3279689936028278716}
  m_Enabled: 1
  m_EditorHideFlags: 0
  m_Script: {fileID: 11500000, guid: eebe3177417c87944affce3a47397fec, type: 3}
  m_Name: 
  m_EditorClassIdentifier: 
  textField: {fileID: 3279689936028278705}
  OnMultiplicationResult:
    m_PersistentCalls:
      m_Calls: []
--- !u!1 &6793504245004772135
GameObject:
  m_ObjectHideFlags: 0
  m_CorrespondingSourceObject: {fileID: 0}
  m_PrefabInstance: {fileID: 0}
  m_PrefabAsset: {fileID: 0}
  serializedVersion: 6
  m_Component:
  - component: {fileID: 6793504245004772187}
  - component: {fileID: 6793504245004772186}
  - component: {fileID: 6793504245004772133}
  - component: {fileID: 6793504245004772132}
  m_Layer: 0
  m_Name: Coin RL Tile
  m_TagString: Untagged
  m_Icon: {fileID: 0}
  m_NavMeshLayer: 0
  m_StaticEditorFlags: 0
  m_IsActive: 1
--- !u!4 &6793504245004772187
Transform:
  m_ObjectHideFlags: 0
  m_CorrespondingSourceObject: {fileID: 0}
  m_PrefabInstance: {fileID: 0}
  m_PrefabAsset: {fileID: 0}
  m_GameObject: {fileID: 6793504245004772135}
  m_LocalRotation: {x: 0, y: 0, z: 0, w: 1}
  m_LocalPosition: {x: -0.02, y: 0, z: -9.97}
  m_LocalScale: {x: 1, y: 1, z: 10}
  m_ConstrainProportionsScale: 0
  m_Children:
  - {fileID: 5872853877306561645}
  - {fileID: 4086670650511693590}
  - {fileID: 4086670650307891284}
  - {fileID: 4086670650406401115}
  - {fileID: 4086670649781269690}
  - {fileID: 4086670649730801867}
  - {fileID: 4086670649658695196}
  m_Father: {fileID: 0}
  m_RootOrder: 0
  m_LocalEulerAnglesHint: {x: 0, y: 0, z: 0}
--- !u!33 &6793504245004772186
MeshFilter:
  m_ObjectHideFlags: 0
  m_CorrespondingSourceObject: {fileID: 0}
  m_PrefabInstance: {fileID: 0}
  m_PrefabAsset: {fileID: 0}
  m_GameObject: {fileID: 6793504245004772135}
  m_Mesh: {fileID: 10209, guid: 0000000000000000e000000000000000, type: 0}
--- !u!23 &6793504245004772133
MeshRenderer:
  m_ObjectHideFlags: 0
  m_CorrespondingSourceObject: {fileID: 0}
  m_PrefabInstance: {fileID: 0}
  m_PrefabAsset: {fileID: 0}
  m_GameObject: {fileID: 6793504245004772135}
  m_Enabled: 1
  m_CastShadows: 1
  m_ReceiveShadows: 1
  m_DynamicOccludee: 1
  m_StaticShadowCaster: 0
  m_MotionVectors: 1
  m_LightProbeUsage: 1
  m_ReflectionProbeUsage: 1
  m_RayTracingMode: 2
  m_RayTraceProcedural: 0
  m_RenderingLayerMask: 1
  m_RendererPriority: 0
  m_Materials:
  - {fileID: 2100000, guid: fc94a9209c8f65648890cca6669dd5f1, type: 2}
  m_StaticBatchInfo:
    firstSubMesh: 0
    subMeshCount: 0
  m_StaticBatchRoot: {fileID: 0}
  m_ProbeAnchor: {fileID: 0}
  m_LightProbeVolumeOverride: {fileID: 0}
  m_ScaleInLightmap: 1
  m_ReceiveGI: 1
  m_PreserveUVs: 0
  m_IgnoreNormalsForChartDetection: 0
  m_ImportantGI: 0
  m_StitchLightmapSeams: 1
  m_SelectedEditorRenderState: 3
  m_MinimumChartSize: 4
  m_AutoUVMaxDistance: 0.5
  m_AutoUVMaxAngle: 89
  m_LightmapParameters: {fileID: 0}
  m_SortingLayerID: 0
  m_SortingLayer: 0
  m_SortingOrder: 0
  m_AdditionalVertexStreams: {fileID: 0}
--- !u!64 &6793504245004772132
MeshCollider:
  m_ObjectHideFlags: 0
  m_CorrespondingSourceObject: {fileID: 0}
  m_PrefabInstance: {fileID: 0}
  m_PrefabAsset: {fileID: 0}
  m_GameObject: {fileID: 6793504245004772135}
  m_Material: {fileID: 0}
  m_IsTrigger: 0
  m_Enabled: 1
  serializedVersion: 4
  m_Convex: 0
  m_CookingOptions: 30
  m_Mesh: {fileID: 10209, guid: 0000000000000000e000000000000000, type: 0}
--- !u!1001 &3483050794094876979
PrefabInstance:
  m_ObjectHideFlags: 0
  serializedVersion: 2
  m_Modification:
    serializedVersion: 2
    m_TransformParent: {fileID: 5872853877306561645}
    m_Modifications:
    - target: {fileID: 7931164536994765146, guid: e5772e89f1a735c46b8287caac5f8193, type: 3}
      propertyPath: m_AnchoredPosition.x
      value: 1.97
      objectReference: {fileID: 0}
    - target: {fileID: 7931164536994765146, guid: e5772e89f1a735c46b8287caac5f8193, type: 3}
      propertyPath: m_AnchoredPosition.y
      value: -14.86
      objectReference: {fileID: 0}
    - target: {fileID: 7931164536994765149, guid: e5772e89f1a735c46b8287caac5f8193, type: 3}
      propertyPath: m_text
      value: 
      objectReference: {fileID: 0}
    - target: {fileID: 7931164536994765149, guid: e5772e89f1a735c46b8287caac5f8193, type: 3}
      propertyPath: m_fontSize
      value: 0.8
      objectReference: {fileID: 0}
    - target: {fileID: 7931164536994765149, guid: e5772e89f1a735c46b8287caac5f8193, type: 3}
      propertyPath: m_fontSizeBase
      value: 0.8
      objectReference: {fileID: 0}
    - target: {fileID: 7931164536994765151, guid: e5772e89f1a735c46b8287caac5f8193, type: 3}
      propertyPath: cubeObject
      value: 
      objectReference: {fileID: 4108273518261032305, guid: d4a1fdd099fe9d04f901fdf289af212f, type: 3}
    - target: {fileID: 7931164537979202232, guid: e5772e89f1a735c46b8287caac5f8193, type: 3}
      propertyPath: m_Size.x
      value: 0.8
      objectReference: {fileID: 0}
    - target: {fileID: 7931164537979202232, guid: e5772e89f1a735c46b8287caac5f8193, type: 3}
      propertyPath: m_Size.y
      value: 0.8
      objectReference: {fileID: 0}
    - target: {fileID: 7931164537979202232, guid: e5772e89f1a735c46b8287caac5f8193, type: 3}
      propertyPath: m_IsTrigger
      value: 1
      objectReference: {fileID: 0}
    - target: {fileID: 7931164537979202233, guid: e5772e89f1a735c46b8287caac5f8193, type: 3}
      propertyPath: m_Name
      value: Cube
      objectReference: {fileID: 0}
    - target: {fileID: 7931164537979202237, guid: e5772e89f1a735c46b8287caac5f8193, type: 3}
      propertyPath: m_RootOrder
      value: -1
      objectReference: {fileID: 0}
    - target: {fileID: 7931164537979202237, guid: e5772e89f1a735c46b8287caac5f8193, type: 3}
      propertyPath: m_LocalScale.x
      value: 0.17
      objectReference: {fileID: 0}
    - target: {fileID: 7931164537979202237, guid: e5772e89f1a735c46b8287caac5f8193, type: 3}
      propertyPath: m_LocalScale.y
      value: 0.5
      objectReference: {fileID: 0}
    - target: {fileID: 7931164537979202237, guid: e5772e89f1a735c46b8287caac5f8193, type: 3}
      propertyPath: m_LocalPosition.x
      value: 0
      objectReference: {fileID: 0}
    - target: {fileID: 7931164537979202237, guid: e5772e89f1a735c46b8287caac5f8193, type: 3}
      propertyPath: m_LocalPosition.y
      value: 0
      objectReference: {fileID: 0}
    - target: {fileID: 7931164537979202237, guid: e5772e89f1a735c46b8287caac5f8193, type: 3}
      propertyPath: m_LocalPosition.z
      value: 40
      objectReference: {fileID: 0}
    - target: {fileID: 7931164537979202237, guid: e5772e89f1a735c46b8287caac5f8193, type: 3}
      propertyPath: m_LocalRotation.w
      value: 1
      objectReference: {fileID: 0}
    - target: {fileID: 7931164537979202237, guid: e5772e89f1a735c46b8287caac5f8193, type: 3}
      propertyPath: m_LocalRotation.x
      value: -0
      objectReference: {fileID: 0}
    - target: {fileID: 7931164537979202237, guid: e5772e89f1a735c46b8287caac5f8193, type: 3}
      propertyPath: m_LocalRotation.y
      value: -0
      objectReference: {fileID: 0}
    - target: {fileID: 7931164537979202237, guid: e5772e89f1a735c46b8287caac5f8193, type: 3}
      propertyPath: m_LocalRotation.z
      value: -0
      objectReference: {fileID: 0}
    - target: {fileID: 7931164537979202237, guid: e5772e89f1a735c46b8287caac5f8193, type: 3}
      propertyPath: m_LocalEulerAnglesHint.x
      value: 0
      objectReference: {fileID: 0}
    - target: {fileID: 7931164537979202237, guid: e5772e89f1a735c46b8287caac5f8193, type: 3}
      propertyPath: m_LocalEulerAnglesHint.y
      value: 0
      objectReference: {fileID: 0}
    - target: {fileID: 7931164537979202237, guid: e5772e89f1a735c46b8287caac5f8193, type: 3}
      propertyPath: m_LocalEulerAnglesHint.z
      value: 0
      objectReference: {fileID: 0}
    m_RemovedComponents: []
    m_AddedGameObjects: []
  m_SourcePrefab: {fileID: 100100000, guid: e5772e89f1a735c46b8287caac5f8193, type: 3}
--- !u!1 &6793504245040952202 stripped
GameObject:
  m_CorrespondingSourceObject: {fileID: 7931164537979202233, guid: e5772e89f1a735c46b8287caac5f8193, type: 3}
  m_PrefabInstance: {fileID: 3483050794094876979}
  m_PrefabAsset: {fileID: 0}
--- !u!54 &4068488659741561775
Rigidbody:
  m_ObjectHideFlags: 0
  m_CorrespondingSourceObject: {fileID: 0}
  m_PrefabInstance: {fileID: 0}
  m_PrefabAsset: {fileID: 0}
  m_GameObject: {fileID: 6793504245040952202}
  serializedVersion: 2
  m_Mass: 1
  m_Drag: 0
  m_AngularDrag: 0.05
  m_UseGravity: 0
  m_IsKinematic: 1
  m_Interpolate: 0
  m_Constraints: 0
  m_CollisionDetection: 1
--- !u!114 &1496287903775031496
MonoBehaviour:
  m_ObjectHideFlags: 0
  m_CorrespondingSourceObject: {fileID: 0}
  m_PrefabInstance: {fileID: 0}
  m_PrefabAsset: {fileID: 0}
  m_GameObject: {fileID: 6793504245040952202}
  m_Enabled: 1
  m_EditorHideFlags: 0
  m_Script: {fileID: 11500000, guid: 26ba86b510c47da4cae27d75cbb62b36, type: 3}
  m_Name: 
  m_EditorClassIdentifier: 
  cubes:
  - {fileID: 1496287903775031497}
  - {fileID: 1496287903526712438}
  - {fileID: 1496287903705283036}
--- !u!114 &1496287903775031497
MonoBehaviour:
  m_ObjectHideFlags: 0
  m_CorrespondingSourceObject: {fileID: 0}
  m_PrefabInstance: {fileID: 0}
  m_PrefabAsset: {fileID: 0}
  m_GameObject: {fileID: 6793504245040952202}
  m_Enabled: 1
  m_EditorHideFlags: 0
  m_Script: {fileID: 11500000, guid: a035a8bb5370e774192f93d53cf02456, type: 3}
  m_Name: 
  m_EditorClassIdentifier: 
  answerText: {fileID: 6793504246321201262}
--- !u!4 &6793504245040952206 stripped
Transform:
  m_CorrespondingSourceObject: {fileID: 7931164537979202237, guid: e5772e89f1a735c46b8287caac5f8193, type: 3}
  m_PrefabInstance: {fileID: 3483050794094876979}
  m_PrefabAsset: {fileID: 0}
--- !u!1 &6793504246321201256 stripped
GameObject:
  m_CorrespondingSourceObject: {fileID: 7931164536994765147, guid: e5772e89f1a735c46b8287caac5f8193, type: 3}
  m_PrefabInstance: {fileID: 3483050794094876979}
  m_PrefabAsset: {fileID: 0}
--- !u!114 &1496287903956855555
MonoBehaviour:
  m_ObjectHideFlags: 0
  m_CorrespondingSourceObject: {fileID: 0}
  m_PrefabInstance: {fileID: 0}
  m_PrefabAsset: {fileID: 0}
  m_GameObject: {fileID: 6793504246321201256}
  m_Enabled: 1
  m_EditorHideFlags: 0
  m_Script: {fileID: 11500000, guid: a035a8bb5370e774192f93d53cf02456, type: 3}
  m_Name: 
  m_EditorClassIdentifier: 
  answerText: {fileID: 6793504246321201262}
--- !u!114 &6793504246321201262 stripped
MonoBehaviour:
  m_CorrespondingSourceObject: {fileID: 7931164536994765149, guid: e5772e89f1a735c46b8287caac5f8193, type: 3}
  m_PrefabInstance: {fileID: 3483050794094876979}
  m_PrefabAsset: {fileID: 0}
  m_GameObject: {fileID: 6793504246321201256}
  m_Enabled: 1
  m_EditorHideFlags: 0
  m_Script: {fileID: 11500000, guid: f4688fdb7df04437aeb418b961361dc5, type: 3}
  m_Name: 
  m_EditorClassIdentifier: 
--- !u!1001 &3687454170537557533
PrefabInstance:
  m_ObjectHideFlags: 0
  serializedVersion: 2
  m_Modification:
    serializedVersion: 2
    m_TransformParent: {fileID: 5872853877306561645}
    m_Modifications:
    - target: {fileID: 7884422070708888512, guid: 9b9b59b863d22e84ead9d775e5a0883c, type: 3}
      propertyPath: m_Size.x
      value: 0.8
      objectReference: {fileID: 0}
    - target: {fileID: 7884422070708888512, guid: 9b9b59b863d22e84ead9d775e5a0883c, type: 3}
      propertyPath: m_Size.y
      value: 0.8
      objectReference: {fileID: 0}
    - target: {fileID: 7884422070708888512, guid: 9b9b59b863d22e84ead9d775e5a0883c, type: 3}
      propertyPath: m_Size.z
      value: 1
      objectReference: {fileID: 0}
    - target: {fileID: 7884422070708888512, guid: 9b9b59b863d22e84ead9d775e5a0883c, type: 3}
      propertyPath: m_IsTrigger
      value: 1
      objectReference: {fileID: 0}
    - target: {fileID: 7884422070708888513, guid: 9b9b59b863d22e84ead9d775e5a0883c, type: 3}
      propertyPath: m_Name
      value: Cube3
      objectReference: {fileID: 0}
    - target: {fileID: 7884422070708888525, guid: 9b9b59b863d22e84ead9d775e5a0883c, type: 3}
      propertyPath: m_RootOrder
      value: -1
      objectReference: {fileID: 0}
    - target: {fileID: 7884422070708888525, guid: 9b9b59b863d22e84ead9d775e5a0883c, type: 3}
      propertyPath: m_LocalScale.x
      value: 0.15
      objectReference: {fileID: 0}
    - target: {fileID: 7884422070708888525, guid: 9b9b59b863d22e84ead9d775e5a0883c, type: 3}
      propertyPath: m_LocalScale.y
      value: 0.5
      objectReference: {fileID: 0}
    - target: {fileID: 7884422070708888525, guid: 9b9b59b863d22e84ead9d775e5a0883c, type: 3}
      propertyPath: m_LocalScale.z
      value: 1
      objectReference: {fileID: 0}
    - target: {fileID: 7884422070708888525, guid: 9b9b59b863d22e84ead9d775e5a0883c, type: 3}
      propertyPath: m_LocalPosition.x
      value: 0.25
      objectReference: {fileID: 0}
    - target: {fileID: 7884422070708888525, guid: 9b9b59b863d22e84ead9d775e5a0883c, type: 3}
      propertyPath: m_LocalPosition.y
      value: 0
      objectReference: {fileID: 0}
    - target: {fileID: 7884422070708888525, guid: 9b9b59b863d22e84ead9d775e5a0883c, type: 3}
      propertyPath: m_LocalPosition.z
      value: 40
      objectReference: {fileID: 0}
    - target: {fileID: 7884422070708888525, guid: 9b9b59b863d22e84ead9d775e5a0883c, type: 3}
      propertyPath: m_LocalRotation.w
      value: 1
      objectReference: {fileID: 0}
    - target: {fileID: 7884422070708888525, guid: 9b9b59b863d22e84ead9d775e5a0883c, type: 3}
      propertyPath: m_LocalRotation.x
      value: -0
      objectReference: {fileID: 0}
    - target: {fileID: 7884422070708888525, guid: 9b9b59b863d22e84ead9d775e5a0883c, type: 3}
      propertyPath: m_LocalRotation.y
      value: -0
      objectReference: {fileID: 0}
    - target: {fileID: 7884422070708888525, guid: 9b9b59b863d22e84ead9d775e5a0883c, type: 3}
      propertyPath: m_LocalRotation.z
      value: -0
      objectReference: {fileID: 0}
    - target: {fileID: 7884422070708888525, guid: 9b9b59b863d22e84ead9d775e5a0883c, type: 3}
      propertyPath: m_LocalEulerAnglesHint.x
      value: 0
      objectReference: {fileID: 0}
    - target: {fileID: 7884422070708888525, guid: 9b9b59b863d22e84ead9d775e5a0883c, type: 3}
      propertyPath: m_LocalEulerAnglesHint.y
      value: 0
      objectReference: {fileID: 0}
    - target: {fileID: 7884422070708888525, guid: 9b9b59b863d22e84ead9d775e5a0883c, type: 3}
      propertyPath: m_LocalEulerAnglesHint.z
      value: 0
      objectReference: {fileID: 0}
    - target: {fileID: 7884422071173798880, guid: 9b9b59b863d22e84ead9d775e5a0883c, type: 3}
      propertyPath: m_text
      value: 
      objectReference: {fileID: 0}
    - target: {fileID: 7884422071173798880, guid: 9b9b59b863d22e84ead9d775e5a0883c, type: 3}
      propertyPath: m_fontSize
      value: 0.8
      objectReference: {fileID: 0}
    - target: {fileID: 7884422071173798880, guid: 9b9b59b863d22e84ead9d775e5a0883c, type: 3}
      propertyPath: m_fontSizeBase
      value: 0.8
      objectReference: {fileID: 0}
    - target: {fileID: 7884422071173798881, guid: 9b9b59b863d22e84ead9d775e5a0883c, type: 3}
      propertyPath: m_AnchoredPosition.x
      value: 1.87
      objectReference: {fileID: 0}
    - target: {fileID: 7884422071173798881, guid: 9b9b59b863d22e84ead9d775e5a0883c, type: 3}
      propertyPath: m_AnchoredPosition.y
      value: -14.92
      objectReference: {fileID: 0}
    - target: {fileID: 7884422071173798894, guid: 9b9b59b863d22e84ead9d775e5a0883c, type: 3}
      propertyPath: cubeObject
      value: 
      objectReference: {fileID: 4108273519843343143, guid: d4a1fdd099fe9d04f901fdf289af212f, type: 3}
    - target: {fileID: 7884422072507159385, guid: 9b9b59b863d22e84ead9d775e5a0883c, type: 3}
      propertyPath: m_AnchoredPosition.x
      value: 0.44
      objectReference: {fileID: 0}
    - target: {fileID: 7884422072507159385, guid: 9b9b59b863d22e84ead9d775e5a0883c, type: 3}
      propertyPath: m_AnchoredPosition.y
      value: 7.69
      objectReference: {fileID: 0}
    m_RemovedComponents: []
    m_AddedGameObjects: []
  m_SourcePrefab: {fileID: 100100000, guid: 9b9b59b863d22e84ead9d775e5a0883c, type: 3}
--- !u!114 &6793504246286001661 stripped
MonoBehaviour:
  m_CorrespondingSourceObject: {fileID: 7884422071173798880, guid: 9b9b59b863d22e84ead9d775e5a0883c, type: 3}
  m_PrefabInstance: {fileID: 3687454170537557533}
  m_PrefabAsset: {fileID: 0}
  m_GameObject: {fileID: 6793504246286001663}
  m_Enabled: 1
  m_EditorHideFlags: 0
  m_Script: {fileID: 11500000, guid: f4688fdb7df04437aeb418b961361dc5, type: 3}
  m_Name: 
  m_EditorClassIdentifier: 
--- !u!1 &6793504246286001663 stripped
GameObject:
  m_CorrespondingSourceObject: {fileID: 7884422071173798882, guid: 9b9b59b863d22e84ead9d775e5a0883c, type: 3}
  m_PrefabInstance: {fileID: 3687454170537557533}
  m_PrefabAsset: {fileID: 0}
--- !u!114 &1496287904156225724
MonoBehaviour:
  m_ObjectHideFlags: 0
  m_CorrespondingSourceObject: {fileID: 0}
  m_PrefabInstance: {fileID: 0}
  m_PrefabAsset: {fileID: 0}
  m_GameObject: {fileID: 6793504246286001663}
  m_Enabled: 1
  m_EditorHideFlags: 0
  m_Script: {fileID: 11500000, guid: a035a8bb5370e774192f93d53cf02456, type: 3}
  m_Name: 
  m_EditorClassIdentifier: 
  answerText: {fileID: 6793504246286001661}
--- !u!4 &6793504246885391824 stripped
Transform:
  m_CorrespondingSourceObject: {fileID: 7884422070708888525, guid: 9b9b59b863d22e84ead9d775e5a0883c, type: 3}
  m_PrefabInstance: {fileID: 3687454170537557533}
  m_PrefabAsset: {fileID: 0}
--- !u!1 &6793504246885391836 stripped
GameObject:
  m_CorrespondingSourceObject: {fileID: 7884422070708888513, guid: 9b9b59b863d22e84ead9d775e5a0883c, type: 3}
  m_PrefabInstance: {fileID: 3687454170537557533}
  m_PrefabAsset: {fileID: 0}
--- !u!54 &3102233424600423693
Rigidbody:
  m_ObjectHideFlags: 0
  m_CorrespondingSourceObject: {fileID: 0}
  m_PrefabInstance: {fileID: 0}
  m_PrefabAsset: {fileID: 0}
  m_GameObject: {fileID: 6793504246885391836}
  serializedVersion: 2
  m_Mass: 1
  m_Drag: 0
  m_AngularDrag: 0.05
  m_UseGravity: 0
  m_IsKinematic: 1
  m_Interpolate: 0
  m_Constraints: 0
  m_CollisionDetection: 1
--- !u!114 &1496287903705283036
MonoBehaviour:
  m_ObjectHideFlags: 0
  m_CorrespondingSourceObject: {fileID: 0}
  m_PrefabInstance: {fileID: 0}
  m_PrefabAsset: {fileID: 0}
  m_GameObject: {fileID: 6793504246885391836}
  m_Enabled: 1
  m_EditorHideFlags: 0
  m_Script: {fileID: 11500000, guid: a035a8bb5370e774192f93d53cf02456, type: 3}
  m_Name: 
  m_EditorClassIdentifier: 
  answerText: {fileID: 6793504246286001661}
--- !u!114 &1496287903705283039
MonoBehaviour:
  m_ObjectHideFlags: 0
  m_CorrespondingSourceObject: {fileID: 0}
  m_PrefabInstance: {fileID: 0}
  m_PrefabAsset: {fileID: 0}
  m_GameObject: {fileID: 6793504246885391836}
  m_Enabled: 1
  m_EditorHideFlags: 0
  m_Script: {fileID: 11500000, guid: 26ba86b510c47da4cae27d75cbb62b36, type: 3}
  m_Name: 
  m_EditorClassIdentifier: 
  cubes:
  - {fileID: 1496287903775031497}
  - {fileID: 1496287903526712438}
  - {fileID: 1496287903705283036}
--- !u!1001 &4352376582284239580
PrefabInstance:
  m_ObjectHideFlags: 0
  serializedVersion: 2
  m_Modification:
    serializedVersion: 2
    m_TransformParent: {fileID: 6793504245004772187}
    m_Modifications:
    - target: {fileID: 346911572997685770, guid: 0d71211acd134d341acf2b17dd5021ff, type: 3}
      propertyPath: m_Name
      value: Coin
      objectReference: {fileID: 0}
    - target: {fileID: 346911572997685783, guid: 0d71211acd134d341acf2b17dd5021ff, type: 3}
      propertyPath: m_RootOrder
      value: -1
      objectReference: {fileID: 0}
    - target: {fileID: 346911572997685783, guid: 0d71211acd134d341acf2b17dd5021ff, type: 3}
      propertyPath: m_LocalScale.y
      value: 0.02
      objectReference: {fileID: 0}
    - target: {fileID: 346911572997685783, guid: 0d71211acd134d341acf2b17dd5021ff, type: 3}
      propertyPath: m_LocalScale.z
      value: 0.2
      objectReference: {fileID: 0}
    - target: {fileID: 346911572997685783, guid: 0d71211acd134d341acf2b17dd5021ff, type: 3}
      propertyPath: m_LocalPosition.x
      value: -2.5
      objectReference: {fileID: 0}
    - target: {fileID: 346911572997685783, guid: 0d71211acd134d341acf2b17dd5021ff, type: 3}
      propertyPath: m_LocalPosition.y
      value: 1
      objectReference: {fileID: 0}
    - target: {fileID: 346911572997685783, guid: 0d71211acd134d341acf2b17dd5021ff, type: 3}
      propertyPath: m_LocalPosition.z
      value: 2
      objectReference: {fileID: 0}
    - target: {fileID: 346911572997685783, guid: 0d71211acd134d341acf2b17dd5021ff, type: 3}
      propertyPath: m_LocalRotation.w
      value: 0.7071068
      objectReference: {fileID: 0}
    - target: {fileID: 346911572997685783, guid: 0d71211acd134d341acf2b17dd5021ff, type: 3}
      propertyPath: m_LocalRotation.x
      value: -0
      objectReference: {fileID: 0}
    - target: {fileID: 346911572997685783, guid: 0d71211acd134d341acf2b17dd5021ff, type: 3}
      propertyPath: m_LocalRotation.y
      value: -0
      objectReference: {fileID: 0}
    - target: {fileID: 346911572997685783, guid: 0d71211acd134d341acf2b17dd5021ff, type: 3}
      propertyPath: m_LocalRotation.z
      value: 0.7071068
      objectReference: {fileID: 0}
    - target: {fileID: 346911572997685783, guid: 0d71211acd134d341acf2b17dd5021ff, type: 3}
      propertyPath: m_LocalEulerAnglesHint.x
      value: 0
      objectReference: {fileID: 0}
    - target: {fileID: 346911572997685783, guid: 0d71211acd134d341acf2b17dd5021ff, type: 3}
      propertyPath: m_LocalEulerAnglesHint.y
      value: 0
      objectReference: {fileID: 0}
    - target: {fileID: 346911572997685783, guid: 0d71211acd134d341acf2b17dd5021ff, type: 3}
      propertyPath: m_LocalEulerAnglesHint.z
      value: 90
      objectReference: {fileID: 0}
    m_RemovedComponents: []
    m_AddedGameObjects: []
  m_SourcePrefab: {fileID: 100100000, guid: 0d71211acd134d341acf2b17dd5021ff, type: 3}
--- !u!4 &4086670649730801867 stripped
Transform:
  m_CorrespondingSourceObject: {fileID: 346911572997685783, guid: 0d71211acd134d341acf2b17dd5021ff, type: 3}
  m_PrefabInstance: {fileID: 4352376582284239580}
  m_PrefabAsset: {fileID: 0}
--- !u!1001 &4352376582322789387
PrefabInstance:
  m_ObjectHideFlags: 0
  serializedVersion: 2
  m_Modification:
    serializedVersion: 2
    m_TransformParent: {fileID: 6793504245004772187}
    m_Modifications:
    - target: {fileID: 346911572997685770, guid: 0d71211acd134d341acf2b17dd5021ff, type: 3}
      propertyPath: m_Name
      value: Coin (4)
      objectReference: {fileID: 0}
    - target: {fileID: 346911572997685783, guid: 0d71211acd134d341acf2b17dd5021ff, type: 3}
      propertyPath: m_RootOrder
      value: -1
      objectReference: {fileID: 0}
    - target: {fileID: 346911572997685783, guid: 0d71211acd134d341acf2b17dd5021ff, type: 3}
      propertyPath: m_LocalScale.y
      value: 0.02
      objectReference: {fileID: 0}
    - target: {fileID: 346911572997685783, guid: 0d71211acd134d341acf2b17dd5021ff, type: 3}
      propertyPath: m_LocalScale.z
      value: 0.2
      objectReference: {fileID: 0}
    - target: {fileID: 346911572997685783, guid: 0d71211acd134d341acf2b17dd5021ff, type: 3}
      propertyPath: m_LocalPosition.x
      value: -2.5
      objectReference: {fileID: 0}
    - target: {fileID: 346911572997685783, guid: 0d71211acd134d341acf2b17dd5021ff, type: 3}
      propertyPath: m_LocalPosition.y
      value: 1
      objectReference: {fileID: 0}
    - target: {fileID: 346911572997685783, guid: 0d71211acd134d341acf2b17dd5021ff, type: 3}
      propertyPath: m_LocalPosition.z
      value: 2.5
      objectReference: {fileID: 0}
    - target: {fileID: 346911572997685783, guid: 0d71211acd134d341acf2b17dd5021ff, type: 3}
      propertyPath: m_LocalRotation.w
      value: 0.7071068
      objectReference: {fileID: 0}
    - target: {fileID: 346911572997685783, guid: 0d71211acd134d341acf2b17dd5021ff, type: 3}
      propertyPath: m_LocalRotation.x
      value: -0
      objectReference: {fileID: 0}
    - target: {fileID: 346911572997685783, guid: 0d71211acd134d341acf2b17dd5021ff, type: 3}
      propertyPath: m_LocalRotation.y
      value: -0
      objectReference: {fileID: 0}
    - target: {fileID: 346911572997685783, guid: 0d71211acd134d341acf2b17dd5021ff, type: 3}
      propertyPath: m_LocalRotation.z
      value: 0.7071068
      objectReference: {fileID: 0}
    - target: {fileID: 346911572997685783, guid: 0d71211acd134d341acf2b17dd5021ff, type: 3}
      propertyPath: m_LocalEulerAnglesHint.x
      value: 0
      objectReference: {fileID: 0}
    - target: {fileID: 346911572997685783, guid: 0d71211acd134d341acf2b17dd5021ff, type: 3}
      propertyPath: m_LocalEulerAnglesHint.y
      value: 0
      objectReference: {fileID: 0}
    - target: {fileID: 346911572997685783, guid: 0d71211acd134d341acf2b17dd5021ff, type: 3}
      propertyPath: m_LocalEulerAnglesHint.z
      value: 90
      objectReference: {fileID: 0}
    m_RemovedComponents: []
    m_AddedGameObjects: []
  m_SourcePrefab: {fileID: 100100000, guid: 0d71211acd134d341acf2b17dd5021ff, type: 3}
--- !u!4 &4086670649658695196 stripped
Transform:
  m_CorrespondingSourceObject: {fileID: 346911572997685783, guid: 0d71211acd134d341acf2b17dd5021ff, type: 3}
  m_PrefabInstance: {fileID: 4352376582322789387}
  m_PrefabAsset: {fileID: 0}
--- !u!1001 &4352376582468662957
PrefabInstance:
  m_ObjectHideFlags: 0
  serializedVersion: 2
  m_Modification:
    serializedVersion: 2
    m_TransformParent: {fileID: 6793504245004772187}
    m_Modifications:
    - target: {fileID: 346911572997685770, guid: 0d71211acd134d341acf2b17dd5021ff, type: 3}
      propertyPath: m_Name
      value: Coin (3)
      objectReference: {fileID: 0}
    - target: {fileID: 346911572997685783, guid: 0d71211acd134d341acf2b17dd5021ff, type: 3}
      propertyPath: m_RootOrder
      value: -1
      objectReference: {fileID: 0}
    - target: {fileID: 346911572997685783, guid: 0d71211acd134d341acf2b17dd5021ff, type: 3}
      propertyPath: m_LocalScale.y
      value: 0.02
      objectReference: {fileID: 0}
    - target: {fileID: 346911572997685783, guid: 0d71211acd134d341acf2b17dd5021ff, type: 3}
      propertyPath: m_LocalScale.z
      value: 0.2
      objectReference: {fileID: 0}
    - target: {fileID: 346911572997685783, guid: 0d71211acd134d341acf2b17dd5021ff, type: 3}
      propertyPath: m_LocalPosition.x
      value: -2.5
      objectReference: {fileID: 0}
    - target: {fileID: 346911572997685783, guid: 0d71211acd134d341acf2b17dd5021ff, type: 3}
      propertyPath: m_LocalPosition.y
      value: 1
      objectReference: {fileID: 0}
    - target: {fileID: 346911572997685783, guid: 0d71211acd134d341acf2b17dd5021ff, type: 3}
      propertyPath: m_LocalPosition.z
      value: 1.5
      objectReference: {fileID: 0}
    - target: {fileID: 346911572997685783, guid: 0d71211acd134d341acf2b17dd5021ff, type: 3}
      propertyPath: m_LocalRotation.w
      value: 0.7071068
      objectReference: {fileID: 0}
    - target: {fileID: 346911572997685783, guid: 0d71211acd134d341acf2b17dd5021ff, type: 3}
      propertyPath: m_LocalRotation.x
      value: -0
      objectReference: {fileID: 0}
    - target: {fileID: 346911572997685783, guid: 0d71211acd134d341acf2b17dd5021ff, type: 3}
      propertyPath: m_LocalRotation.y
      value: -0
      objectReference: {fileID: 0}
    - target: {fileID: 346911572997685783, guid: 0d71211acd134d341acf2b17dd5021ff, type: 3}
      propertyPath: m_LocalRotation.z
      value: 0.7071068
      objectReference: {fileID: 0}
    - target: {fileID: 346911572997685783, guid: 0d71211acd134d341acf2b17dd5021ff, type: 3}
      propertyPath: m_LocalEulerAnglesHint.x
      value: 0
      objectReference: {fileID: 0}
    - target: {fileID: 346911572997685783, guid: 0d71211acd134d341acf2b17dd5021ff, type: 3}
      propertyPath: m_LocalEulerAnglesHint.y
      value: 0
      objectReference: {fileID: 0}
    - target: {fileID: 346911572997685783, guid: 0d71211acd134d341acf2b17dd5021ff, type: 3}
      propertyPath: m_LocalEulerAnglesHint.z
      value: 90
      objectReference: {fileID: 0}
    m_RemovedComponents: []
    m_AddedGameObjects: []
  m_SourcePrefab: {fileID: 100100000, guid: 0d71211acd134d341acf2b17dd5021ff, type: 3}
--- !u!4 &4086670649781269690 stripped
Transform:
  m_CorrespondingSourceObject: {fileID: 346911572997685783, guid: 0d71211acd134d341acf2b17dd5021ff, type: 3}
  m_PrefabInstance: {fileID: 4352376582468662957}
  m_PrefabAsset: {fileID: 0}
--- !u!1001 &4352376582509974785
PrefabInstance:
  m_ObjectHideFlags: 0
  serializedVersion: 2
  m_Modification:
    serializedVersion: 2
    m_TransformParent: {fileID: 6793504245004772187}
    m_Modifications:
    - target: {fileID: 346911572997685770, guid: 0d71211acd134d341acf2b17dd5021ff, type: 3}
      propertyPath: m_Name
      value: Coin
      objectReference: {fileID: 0}
    - target: {fileID: 346911572997685783, guid: 0d71211acd134d341acf2b17dd5021ff, type: 3}
      propertyPath: m_RootOrder
      value: -1
      objectReference: {fileID: 0}
    - target: {fileID: 346911572997685783, guid: 0d71211acd134d341acf2b17dd5021ff, type: 3}
      propertyPath: m_LocalScale.y
      value: 0.04
      objectReference: {fileID: 0}
    - target: {fileID: 346911572997685783, guid: 0d71211acd134d341acf2b17dd5021ff, type: 3}
      propertyPath: m_LocalScale.z
      value: 0.2
      objectReference: {fileID: 0}
    - target: {fileID: 346911572997685783, guid: 0d71211acd134d341acf2b17dd5021ff, type: 3}
      propertyPath: m_LocalPosition.x
      value: 2.5
      objectReference: {fileID: 0}
    - target: {fileID: 346911572997685783, guid: 0d71211acd134d341acf2b17dd5021ff, type: 3}
      propertyPath: m_LocalPosition.y
      value: 1
      objectReference: {fileID: 0}
    - target: {fileID: 346911572997685783, guid: 0d71211acd134d341acf2b17dd5021ff, type: 3}
      propertyPath: m_LocalPosition.z
      value: -2.5
      objectReference: {fileID: 0}
    - target: {fileID: 346911572997685783, guid: 0d71211acd134d341acf2b17dd5021ff, type: 3}
      propertyPath: m_LocalRotation.w
      value: 0.7071068
      objectReference: {fileID: 0}
    - target: {fileID: 346911572997685783, guid: 0d71211acd134d341acf2b17dd5021ff, type: 3}
      propertyPath: m_LocalRotation.x
      value: -0
      objectReference: {fileID: 0}
    - target: {fileID: 346911572997685783, guid: 0d71211acd134d341acf2b17dd5021ff, type: 3}
      propertyPath: m_LocalRotation.y
      value: -0
      objectReference: {fileID: 0}
    - target: {fileID: 346911572997685783, guid: 0d71211acd134d341acf2b17dd5021ff, type: 3}
      propertyPath: m_LocalRotation.z
      value: 0.7071068
      objectReference: {fileID: 0}
    - target: {fileID: 346911572997685783, guid: 0d71211acd134d341acf2b17dd5021ff, type: 3}
      propertyPath: m_LocalEulerAnglesHint.x
      value: 0
      objectReference: {fileID: 0}
    - target: {fileID: 346911572997685783, guid: 0d71211acd134d341acf2b17dd5021ff, type: 3}
      propertyPath: m_LocalEulerAnglesHint.y
      value: 0
      objectReference: {fileID: 0}
    - target: {fileID: 346911572997685783, guid: 0d71211acd134d341acf2b17dd5021ff, type: 3}
      propertyPath: m_LocalEulerAnglesHint.z
      value: 90
      objectReference: {fileID: 0}
    m_RemovedComponents: []
    m_AddedGameObjects: []
  m_SourcePrefab: {fileID: 100100000, guid: 0d71211acd134d341acf2b17dd5021ff, type: 3}
--- !u!4 &4086670650511693590 stripped
Transform:
  m_CorrespondingSourceObject: {fileID: 346911572997685783, guid: 0d71211acd134d341acf2b17dd5021ff, type: 3}
  m_PrefabInstance: {fileID: 4352376582509974785}
  m_PrefabAsset: {fileID: 0}
--- !u!1001 &4352376582950827596
PrefabInstance:
  m_ObjectHideFlags: 0
  serializedVersion: 2
  m_Modification:
    serializedVersion: 2
    m_TransformParent: {fileID: 6793504245004772187}
    m_Modifications:
    - target: {fileID: 346911572997685770, guid: 0d71211acd134d341acf2b17dd5021ff, type: 3}
      propertyPath: m_Name
      value: Coin (2)
      objectReference: {fileID: 0}
    - target: {fileID: 346911572997685783, guid: 0d71211acd134d341acf2b17dd5021ff, type: 3}
      propertyPath: m_RootOrder
      value: -1
      objectReference: {fileID: 0}
    - target: {fileID: 346911572997685783, guid: 0d71211acd134d341acf2b17dd5021ff, type: 3}
      propertyPath: m_LocalScale.y
      value: 0.04
      objectReference: {fileID: 0}
    - target: {fileID: 346911572997685783, guid: 0d71211acd134d341acf2b17dd5021ff, type: 3}
      propertyPath: m_LocalScale.z
      value: 0.2
      objectReference: {fileID: 0}
    - target: {fileID: 346911572997685783, guid: 0d71211acd134d341acf2b17dd5021ff, type: 3}
      propertyPath: m_LocalPosition.x
      value: 2.5
      objectReference: {fileID: 0}
    - target: {fileID: 346911572997685783, guid: 0d71211acd134d341acf2b17dd5021ff, type: 3}
      propertyPath: m_LocalPosition.y
      value: 1
      objectReference: {fileID: 0}
    - target: {fileID: 346911572997685783, guid: 0d71211acd134d341acf2b17dd5021ff, type: 3}
      propertyPath: m_LocalPosition.z
      value: -1.5
      objectReference: {fileID: 0}
    - target: {fileID: 346911572997685783, guid: 0d71211acd134d341acf2b17dd5021ff, type: 3}
      propertyPath: m_LocalRotation.w
      value: 0.7071068
      objectReference: {fileID: 0}
    - target: {fileID: 346911572997685783, guid: 0d71211acd134d341acf2b17dd5021ff, type: 3}
      propertyPath: m_LocalRotation.x
      value: -0
      objectReference: {fileID: 0}
    - target: {fileID: 346911572997685783, guid: 0d71211acd134d341acf2b17dd5021ff, type: 3}
      propertyPath: m_LocalRotation.y
      value: -0
      objectReference: {fileID: 0}
    - target: {fileID: 346911572997685783, guid: 0d71211acd134d341acf2b17dd5021ff, type: 3}
      propertyPath: m_LocalRotation.z
      value: 0.7071068
      objectReference: {fileID: 0}
    - target: {fileID: 346911572997685783, guid: 0d71211acd134d341acf2b17dd5021ff, type: 3}
      propertyPath: m_LocalEulerAnglesHint.x
      value: 0
      objectReference: {fileID: 0}
    - target: {fileID: 346911572997685783, guid: 0d71211acd134d341acf2b17dd5021ff, type: 3}
      propertyPath: m_LocalEulerAnglesHint.y
      value: 0
      objectReference: {fileID: 0}
    - target: {fileID: 346911572997685783, guid: 0d71211acd134d341acf2b17dd5021ff, type: 3}
      propertyPath: m_LocalEulerAnglesHint.z
      value: 90
      objectReference: {fileID: 0}
    m_RemovedComponents: []
    m_AddedGameObjects: []
  m_SourcePrefab: {fileID: 100100000, guid: 0d71211acd134d341acf2b17dd5021ff, type: 3}
--- !u!4 &4086670650406401115 stripped
Transform:
  m_CorrespondingSourceObject: {fileID: 346911572997685783, guid: 0d71211acd134d341acf2b17dd5021ff, type: 3}
  m_PrefabInstance: {fileID: 4352376582950827596}
  m_PrefabAsset: {fileID: 0}
--- !u!1001 &4352376582982210115
PrefabInstance:
  m_ObjectHideFlags: 0
  serializedVersion: 2
  m_Modification:
    serializedVersion: 2
    m_TransformParent: {fileID: 6793504245004772187}
    m_Modifications:
    - target: {fileID: 346911572997685770, guid: 0d71211acd134d341acf2b17dd5021ff, type: 3}
      propertyPath: m_Name
      value: Coin (1)
      objectReference: {fileID: 0}
    - target: {fileID: 346911572997685783, guid: 0d71211acd134d341acf2b17dd5021ff, type: 3}
      propertyPath: m_RootOrder
      value: -1
      objectReference: {fileID: 0}
    - target: {fileID: 346911572997685783, guid: 0d71211acd134d341acf2b17dd5021ff, type: 3}
      propertyPath: m_LocalScale.y
      value: 0.04
      objectReference: {fileID: 0}
    - target: {fileID: 346911572997685783, guid: 0d71211acd134d341acf2b17dd5021ff, type: 3}
      propertyPath: m_LocalScale.z
      value: 0.2
      objectReference: {fileID: 0}
    - target: {fileID: 346911572997685783, guid: 0d71211acd134d341acf2b17dd5021ff, type: 3}
      propertyPath: m_LocalPosition.x
      value: 2.5
      objectReference: {fileID: 0}
    - target: {fileID: 346911572997685783, guid: 0d71211acd134d341acf2b17dd5021ff, type: 3}
      propertyPath: m_LocalPosition.y
      value: 1
      objectReference: {fileID: 0}
    - target: {fileID: 346911572997685783, guid: 0d71211acd134d341acf2b17dd5021ff, type: 3}
      propertyPath: m_LocalPosition.z
      value: -2
      objectReference: {fileID: 0}
    - target: {fileID: 346911572997685783, guid: 0d71211acd134d341acf2b17dd5021ff, type: 3}
      propertyPath: m_LocalRotation.w
      value: 0.7071068
      objectReference: {fileID: 0}
    - target: {fileID: 346911572997685783, guid: 0d71211acd134d341acf2b17dd5021ff, type: 3}
      propertyPath: m_LocalRotation.x
      value: -0
      objectReference: {fileID: 0}
    - target: {fileID: 346911572997685783, guid: 0d71211acd134d341acf2b17dd5021ff, type: 3}
      propertyPath: m_LocalRotation.y
      value: -0
      objectReference: {fileID: 0}
    - target: {fileID: 346911572997685783, guid: 0d71211acd134d341acf2b17dd5021ff, type: 3}
      propertyPath: m_LocalRotation.z
      value: 0.7071068
      objectReference: {fileID: 0}
    - target: {fileID: 346911572997685783, guid: 0d71211acd134d341acf2b17dd5021ff, type: 3}
      propertyPath: m_LocalEulerAnglesHint.x
      value: 0
      objectReference: {fileID: 0}
    - target: {fileID: 346911572997685783, guid: 0d71211acd134d341acf2b17dd5021ff, type: 3}
      propertyPath: m_LocalEulerAnglesHint.y
      value: 0
      objectReference: {fileID: 0}
    - target: {fileID: 346911572997685783, guid: 0d71211acd134d341acf2b17dd5021ff, type: 3}
      propertyPath: m_LocalEulerAnglesHint.z
      value: 90
      objectReference: {fileID: 0}
    m_RemovedComponents: []
    m_AddedGameObjects: []
  m_SourcePrefab: {fileID: 100100000, guid: 0d71211acd134d341acf2b17dd5021ff, type: 3}
--- !u!4 &4086670650307891284 stripped
Transform:
  m_CorrespondingSourceObject: {fileID: 346911572997685783, guid: 0d71211acd134d341acf2b17dd5021ff, type: 3}
  m_PrefabInstance: {fileID: 4352376582982210115}
  m_PrefabAsset: {fileID: 0}
--- !u!1001 &4448240809465668374
PrefabInstance:
  m_ObjectHideFlags: 0
  serializedVersion: 2
  m_Modification:
    serializedVersion: 2
    m_TransformParent: {fileID: 5872853877306561645}
    m_Modifications:
    - target: {fileID: 7204690045239905592, guid: e2749259040b5ba4d9069e3625478084, type: 3}
      propertyPath: m_AnchoredPosition.x
      value: 1.94
      objectReference: {fileID: 0}
    - target: {fileID: 7204690045239905593, guid: e2749259040b5ba4d9069e3625478084, type: 3}
      propertyPath: m_text
      value: 
      objectReference: {fileID: 0}
    - target: {fileID: 7204690045239905593, guid: e2749259040b5ba4d9069e3625478084, type: 3}
      propertyPath: m_fontSize
      value: 0.8
      objectReference: {fileID: 0}
    - target: {fileID: 7204690045239905593, guid: e2749259040b5ba4d9069e3625478084, type: 3}
      propertyPath: m_fontSizeBase
      value: 0.8
      objectReference: {fileID: 0}
    - target: {fileID: 7204690045239905595, guid: e2749259040b5ba4d9069e3625478084, type: 3}
      propertyPath: cubeObject
      value: 
      objectReference: {fileID: 4108273518079563771, guid: d4a1fdd099fe9d04f901fdf289af212f, type: 3}
    - target: {fileID: 7204690046443573778, guid: e2749259040b5ba4d9069e3625478084, type: 3}
      propertyPath: m_RootOrder
      value: -1
      objectReference: {fileID: 0}
    - target: {fileID: 7204690046443573778, guid: e2749259040b5ba4d9069e3625478084, type: 3}
      propertyPath: m_LocalScale.x
      value: 0.17
      objectReference: {fileID: 0}
    - target: {fileID: 7204690046443573778, guid: e2749259040b5ba4d9069e3625478084, type: 3}
      propertyPath: m_LocalScale.y
      value: 0.5
      objectReference: {fileID: 0}
    - target: {fileID: 7204690046443573778, guid: e2749259040b5ba4d9069e3625478084, type: 3}
      propertyPath: m_LocalPosition.x
      value: -0.25
      objectReference: {fileID: 0}
    - target: {fileID: 7204690046443573778, guid: e2749259040b5ba4d9069e3625478084, type: 3}
      propertyPath: m_LocalPosition.y
      value: 0
      objectReference: {fileID: 0}
    - target: {fileID: 7204690046443573778, guid: e2749259040b5ba4d9069e3625478084, type: 3}
      propertyPath: m_LocalPosition.z
      value: 40
      objectReference: {fileID: 0}
    - target: {fileID: 7204690046443573778, guid: e2749259040b5ba4d9069e3625478084, type: 3}
      propertyPath: m_LocalRotation.w
      value: 1
      objectReference: {fileID: 0}
    - target: {fileID: 7204690046443573778, guid: e2749259040b5ba4d9069e3625478084, type: 3}
      propertyPath: m_LocalRotation.x
      value: -0
      objectReference: {fileID: 0}
    - target: {fileID: 7204690046443573778, guid: e2749259040b5ba4d9069e3625478084, type: 3}
      propertyPath: m_LocalRotation.y
      value: -0
      objectReference: {fileID: 0}
    - target: {fileID: 7204690046443573778, guid: e2749259040b5ba4d9069e3625478084, type: 3}
      propertyPath: m_LocalRotation.z
      value: -0
      objectReference: {fileID: 0}
    - target: {fileID: 7204690046443573778, guid: e2749259040b5ba4d9069e3625478084, type: 3}
      propertyPath: m_LocalEulerAnglesHint.x
      value: 0
      objectReference: {fileID: 0}
    - target: {fileID: 7204690046443573778, guid: e2749259040b5ba4d9069e3625478084, type: 3}
      propertyPath: m_LocalEulerAnglesHint.y
      value: 0
      objectReference: {fileID: 0}
    - target: {fileID: 7204690046443573778, guid: e2749259040b5ba4d9069e3625478084, type: 3}
      propertyPath: m_LocalEulerAnglesHint.z
      value: 0
      objectReference: {fileID: 0}
    - target: {fileID: 7204690046443573782, guid: e2749259040b5ba4d9069e3625478084, type: 3}
      propertyPath: m_Name
      value: Cube 2
      objectReference: {fileID: 0}
    - target: {fileID: 7204690046443573783, guid: e2749259040b5ba4d9069e3625478084, type: 3}
      propertyPath: m_Size.x
      value: 0.8
      objectReference: {fileID: 0}
    - target: {fileID: 7204690046443573783, guid: e2749259040b5ba4d9069e3625478084, type: 3}
      propertyPath: m_Size.y
      value: 0.8
      objectReference: {fileID: 0}
    - target: {fileID: 7204690046443573783, guid: e2749259040b5ba4d9069e3625478084, type: 3}
      propertyPath: m_IsTrigger
      value: 1
      objectReference: {fileID: 0}
    m_RemovedComponents: []
    m_AddedGameObjects: []
  m_SourcePrefab: {fileID: 100100000, guid: e2749259040b5ba4d9069e3625478084, type: 3}
--- !u!1 &6793504245356638464 stripped
GameObject:
  m_CorrespondingSourceObject: {fileID: 7204690046443573782, guid: e2749259040b5ba4d9069e3625478084, type: 3}
  m_PrefabInstance: {fileID: 4448240809465668374}
  m_PrefabAsset: {fileID: 0}
--- !u!54 &4538692433889148745
Rigidbody:
  m_ObjectHideFlags: 0
  m_CorrespondingSourceObject: {fileID: 0}
  m_PrefabInstance: {fileID: 0}
  m_PrefabAsset: {fileID: 0}
  m_GameObject: {fileID: 6793504245356638464}
  serializedVersion: 2
  m_Mass: 1
  m_Drag: 0
  m_AngularDrag: 0.05
  m_UseGravity: 0
  m_IsKinematic: 1
  m_Interpolate: 0
  m_Constraints: 0
  m_CollisionDetection: 1
--- !u!114 &1496287903526712438
MonoBehaviour:
  m_ObjectHideFlags: 0
  m_CorrespondingSourceObject: {fileID: 0}
  m_PrefabInstance: {fileID: 0}
  m_PrefabAsset: {fileID: 0}
  m_GameObject: {fileID: 6793504245356638464}
  m_Enabled: 1
  m_EditorHideFlags: 0
  m_Script: {fileID: 11500000, guid: a035a8bb5370e774192f93d53cf02456, type: 3}
  m_Name: 
  m_EditorClassIdentifier: 
  answerText: {fileID: 6793504246031035951}
--- !u!114 &1496287903526712441
MonoBehaviour:
  m_ObjectHideFlags: 0
  m_CorrespondingSourceObject: {fileID: 0}
  m_PrefabInstance: {fileID: 0}
  m_PrefabAsset: {fileID: 0}
  m_GameObject: {fileID: 6793504245356638464}
  m_Enabled: 1
  m_EditorHideFlags: 0
  m_Script: {fileID: 11500000, guid: 26ba86b510c47da4cae27d75cbb62b36, type: 3}
  m_Name: 
  m_EditorClassIdentifier: 
  cubes:
  - {fileID: 1496287903775031497}
  - {fileID: 1496287903526712438}
  - {fileID: 1496287903705283036}
--- !u!4 &6793504245356638468 stripped
Transform:
  m_CorrespondingSourceObject: {fileID: 7204690046443573778, guid: e2749259040b5ba4d9069e3625478084, type: 3}
  m_PrefabInstance: {fileID: 4448240809465668374}
  m_PrefabAsset: {fileID: 0}
--- !u!1 &6793504246031035945 stripped
GameObject:
  m_CorrespondingSourceObject: {fileID: 7204690045239905599, guid: e2749259040b5ba4d9069e3625478084, type: 3}
  m_PrefabInstance: {fileID: 4448240809465668374}
  m_PrefabAsset: {fileID: 0}
--- !u!114 &1496287904581230139
MonoBehaviour:
  m_ObjectHideFlags: 0
  m_CorrespondingSourceObject: {fileID: 0}
  m_PrefabInstance: {fileID: 0}
  m_PrefabAsset: {fileID: 0}
  m_GameObject: {fileID: 6793504246031035945}
  m_Enabled: 1
  m_EditorHideFlags: 0
  m_Script: {fileID: 11500000, guid: a035a8bb5370e774192f93d53cf02456, type: 3}
  m_Name: 
  m_EditorClassIdentifier: 
  answerText: {fileID: 6793504246031035951}
--- !u!114 &6793504246031035951 stripped
MonoBehaviour:
  m_CorrespondingSourceObject: {fileID: 7204690045239905593, guid: e2749259040b5ba4d9069e3625478084, type: 3}
  m_PrefabInstance: {fileID: 4448240809465668374}
  m_PrefabAsset: {fileID: 0}
  m_GameObject: {fileID: 6793504246031035945}
  m_Enabled: 1
  m_EditorHideFlags: 0
  m_Script: {fileID: 11500000, guid: f4688fdb7df04437aeb418b961361dc5, type: 3}
  m_Name: 
  m_EditorClassIdentifier: 
--- !u!1001 &6793504246373437462
PrefabInstance:
  m_ObjectHideFlags: 0
  serializedVersion: 2
  m_Modification:
    serializedVersion: 2
    m_TransformParent: {fileID: 6793504245004772187}
    m_Modifications:
    - target: {fileID: 1137142834404541563, guid: ed4c49e8e12019d40a0f9e0d4889cc68, type: 3}
      propertyPath: m_RootOrder
      value: -1
      objectReference: {fileID: 0}
    - target: {fileID: 1137142834404541563, guid: ed4c49e8e12019d40a0f9e0d4889cc68, type: 3}
      propertyPath: m_LocalScale.x
      value: 10
      objectReference: {fileID: 0}
    - target: {fileID: 1137142834404541563, guid: ed4c49e8e12019d40a0f9e0d4889cc68, type: 3}
      propertyPath: m_LocalScale.z
      value: 0.1
      objectReference: {fileID: 0}
    - target: {fileID: 1137142834404541563, guid: ed4c49e8e12019d40a0f9e0d4889cc68, type: 3}
      propertyPath: m_LocalPosition.x
      value: -0.08
      objectReference: {fileID: 0}
    - target: {fileID: 1137142834404541563, guid: ed4c49e8e12019d40a0f9e0d4889cc68, type: 3}
      propertyPath: m_LocalPosition.y
      value: 1.3
      objectReference: {fileID: 0}
    - target: {fileID: 1137142834404541563, guid: ed4c49e8e12019d40a0f9e0d4889cc68, type: 3}
      propertyPath: m_LocalPosition.z
      value: 0
      objectReference: {fileID: 0}
    - target: {fileID: 1137142834404541563, guid: ed4c49e8e12019d40a0f9e0d4889cc68, type: 3}
      propertyPath: m_LocalRotation.w
      value: 1
      objectReference: {fileID: 0}
    - target: {fileID: 1137142834404541563, guid: ed4c49e8e12019d40a0f9e0d4889cc68, type: 3}
      propertyPath: m_LocalRotation.x
      value: -0
      objectReference: {fileID: 0}
    - target: {fileID: 1137142834404541563, guid: ed4c49e8e12019d40a0f9e0d4889cc68, type: 3}
      propertyPath: m_LocalRotation.y
      value: -0
      objectReference: {fileID: 0}
    - target: {fileID: 1137142834404541563, guid: ed4c49e8e12019d40a0f9e0d4889cc68, type: 3}
      propertyPath: m_LocalRotation.z
      value: -0
      objectReference: {fileID: 0}
    - target: {fileID: 1137142834404541563, guid: ed4c49e8e12019d40a0f9e0d4889cc68, type: 3}
      propertyPath: m_LocalEulerAnglesHint.x
      value: 0
      objectReference: {fileID: 0}
    - target: {fileID: 1137142834404541563, guid: ed4c49e8e12019d40a0f9e0d4889cc68, type: 3}
      propertyPath: m_LocalEulerAnglesHint.y
      value: 0
      objectReference: {fileID: 0}
    - target: {fileID: 1137142834404541563, guid: ed4c49e8e12019d40a0f9e0d4889cc68, type: 3}
      propertyPath: m_LocalEulerAnglesHint.z
      value: 0
      objectReference: {fileID: 0}
    - target: {fileID: 1137142834404541567, guid: ed4c49e8e12019d40a0f9e0d4889cc68, type: 3}
      propertyPath: m_Name
      value: QuestionRectangle
      objectReference: {fileID: 0}
    - target: {fileID: 1137142835490011035, guid: ed4c49e8e12019d40a0f9e0d4889cc68, type: 3}
      propertyPath: m_text
      value: 
      objectReference: {fileID: 0}
    - target: {fileID: 1137142835490011035, guid: ed4c49e8e12019d40a0f9e0d4889cc68, type: 3}
      propertyPath: m_fontSize
      value: 2
      objectReference: {fileID: 0}
    - target: {fileID: 1137142835490011035, guid: ed4c49e8e12019d40a0f9e0d4889cc68, type: 3}
      propertyPath: m_margin.w
      value: -286.8667
      objectReference: {fileID: 0}
    - target: {fileID: 1137142835490011035, guid: ed4c49e8e12019d40a0f9e0d4889cc68, type: 3}
      propertyPath: m_margin.x
      value: 68.353325
      objectReference: {fileID: 0}
    - target: {fileID: 1137142835490011035, guid: ed4c49e8e12019d40a0f9e0d4889cc68, type: 3}
      propertyPath: m_margin.y
      value: 307.45023
      objectReference: {fileID: 0}
    - target: {fileID: 1137142835490011035, guid: ed4c49e8e12019d40a0f9e0d4889cc68, type: 3}
      propertyPath: m_margin.z
      value: 5.139393
      objectReference: {fileID: 0}
    - target: {fileID: 1137142835490011035, guid: ed4c49e8e12019d40a0f9e0d4889cc68, type: 3}
      propertyPath: m_fontStyle
      value: 1
      objectReference: {fileID: 0}
    - target: {fileID: 1137142835490011035, guid: ed4c49e8e12019d40a0f9e0d4889cc68, type: 3}
      propertyPath: m_fontColor.g
      value: 1
      objectReference: {fileID: 0}
    - target: {fileID: 1137142835490011035, guid: ed4c49e8e12019d40a0f9e0d4889cc68, type: 3}
      propertyPath: m_fontColor.r
      value: 0.004480481
      objectReference: {fileID: 0}
    - target: {fileID: 1137142835490011035, guid: ed4c49e8e12019d40a0f9e0d4889cc68, type: 3}
      propertyPath: m_fontSizeBase
      value: 2
      objectReference: {fileID: 0}
    - target: {fileID: 1137142835490011035, guid: ed4c49e8e12019d40a0f9e0d4889cc68, type: 3}
      propertyPath: m_isRightToLeft
      value: 0
      objectReference: {fileID: 0}
    - target: {fileID: 1137142835490011035, guid: ed4c49e8e12019d40a0f9e0d4889cc68, type: 3}
      propertyPath: m_enableAutoSizing
      value: 0
      objectReference: {fileID: 0}
    - target: {fileID: 1137142835490011035, guid: ed4c49e8e12019d40a0f9e0d4889cc68, type: 3}
      propertyPath: m_fontColor32.rgba
      value: 4278255361
      objectReference: {fileID: 0}
    - target: {fileID: 1137142835490011035, guid: ed4c49e8e12019d40a0f9e0d4889cc68, type: 3}
      propertyPath: m_TextStyleHashCode
      value: -1183493901
      objectReference: {fileID: 0}
    - target: {fileID: 1137142835490011036, guid: ed4c49e8e12019d40a0f9e0d4889cc68, type: 3}
      propertyPath: m_AnchorMax.x
      value: 0.5
      objectReference: {fileID: 0}
    - target: {fileID: 1137142835490011036, guid: ed4c49e8e12019d40a0f9e0d4889cc68, type: 3}
      propertyPath: m_AnchorMax.y
      value: 0.5
      objectReference: {fileID: 0}
    - target: {fileID: 1137142835490011036, guid: ed4c49e8e12019d40a0f9e0d4889cc68, type: 3}
      propertyPath: m_AnchorMin.y
      value: 0.5
      objectReference: {fileID: 0}
    - target: {fileID: 1137142835490011036, guid: ed4c49e8e12019d40a0f9e0d4889cc68, type: 3}
      propertyPath: m_SizeDelta.x
      value: 30
      objectReference: {fileID: 0}
    - target: {fileID: 1137142835490011036, guid: ed4c49e8e12019d40a0f9e0d4889cc68, type: 3}
      propertyPath: m_SizeDelta.y
      value: 20
      objectReference: {fileID: 0}
    - target: {fileID: 1137142835490011036, guid: ed4c49e8e12019d40a0f9e0d4889cc68, type: 3}
      propertyPath: m_LocalPosition.z
      value: 21.1
      objectReference: {fileID: 0}
    - target: {fileID: 1137142835490011036, guid: ed4c49e8e12019d40a0f9e0d4889cc68, type: 3}
      propertyPath: m_AnchoredPosition.x
      value: 33.2
      objectReference: {fileID: 0}
    - target: {fileID: 1137142835490011036, guid: ed4c49e8e12019d40a0f9e0d4889cc68, type: 3}
      propertyPath: m_AnchoredPosition.y
      value: 1.36
      objectReference: {fileID: 0}
    - target: {fileID: 1137142835878717716, guid: ed4c49e8e12019d40a0f9e0d4889cc68, type: 3}
      propertyPath: m_RenderMode
      value: 2
      objectReference: {fileID: 0}
    - target: {fileID: 1137142835878717717, guid: ed4c49e8e12019d40a0f9e0d4889cc68, type: 3}
      propertyPath: m_PresetInfoIsWorld
      value: 1
      objectReference: {fileID: 0}
    - target: {fileID: 1137142835878717719, guid: ed4c49e8e12019d40a0f9e0d4889cc68, type: 3}
      propertyPath: m_Pivot.x
      value: 0.5
      objectReference: {fileID: 0}
    - target: {fileID: 1137142835878717719, guid: ed4c49e8e12019d40a0f9e0d4889cc68, type: 3}
      propertyPath: m_Pivot.y
      value: 0.5
      objectReference: {fileID: 0}
    - target: {fileID: 1137142835878717719, guid: ed4c49e8e12019d40a0f9e0d4889cc68, type: 3}
      propertyPath: m_SizeDelta.x
      value: 2
      objectReference: {fileID: 0}
    - target: {fileID: 1137142835878717719, guid: ed4c49e8e12019d40a0f9e0d4889cc68, type: 3}
      propertyPath: m_SizeDelta.y
      value: 2
      objectReference: {fileID: 0}
    - target: {fileID: 1137142835878717719, guid: ed4c49e8e12019d40a0f9e0d4889cc68, type: 3}
      propertyPath: m_LocalScale.x
      value: 0.1
      objectReference: {fileID: 0}
    - target: {fileID: 1137142835878717719, guid: ed4c49e8e12019d40a0f9e0d4889cc68, type: 3}
      propertyPath: m_LocalScale.y
      value: 0.5
      objectReference: {fileID: 0}
    - target: {fileID: 1137142835878717719, guid: ed4c49e8e12019d40a0f9e0d4889cc68, type: 3}
      propertyPath: m_LocalScale.z
      value: 1
      objectReference: {fileID: 0}
    - target: {fileID: 1137142835878717719, guid: ed4c49e8e12019d40a0f9e0d4889cc68, type: 3}
      propertyPath: m_LocalPosition.z
      value: 4.9
      objectReference: {fileID: 0}
    - target: {fileID: 1137142835878717719, guid: ed4c49e8e12019d40a0f9e0d4889cc68, type: 3}
      propertyPath: m_LocalRotation.x
      value: -0
      objectReference: {fileID: 0}
    - target: {fileID: 1137142835878717719, guid: ed4c49e8e12019d40a0f9e0d4889cc68, type: 3}
      propertyPath: m_LocalRotation.y
      value: -0
      objectReference: {fileID: 0}
    - target: {fileID: 1137142835878717719, guid: ed4c49e8e12019d40a0f9e0d4889cc68, type: 3}
      propertyPath: m_LocalRotation.z
      value: -0
      objectReference: {fileID: 0}
    - target: {fileID: 1137142835878717719, guid: ed4c49e8e12019d40a0f9e0d4889cc68, type: 3}
      propertyPath: m_AnchoredPosition.x
      value: 0.134
      objectReference: {fileID: 0}
    - target: {fileID: 1137142835878717719, guid: ed4c49e8e12019d40a0f9e0d4889cc68, type: 3}
      propertyPath: m_AnchoredPosition.y
      value: -0.044
      objectReference: {fileID: 0}
    m_RemovedComponents:
    - {fileID: 1137142835490011033, guid: ed4c49e8e12019d40a0f9e0d4889cc68, type: 3}
    m_AddedGameObjects:
    - targetCorrespondingSourceObject: {fileID: 1137142834404541563, guid: ed4c49e8e12019d40a0f9e0d4889cc68, type: 3}
      insertIndex: -1
      addedObject: {fileID: 6793504246885391824}
    - targetCorrespondingSourceObject: {fileID: 1137142834404541563, guid: ed4c49e8e12019d40a0f9e0d4889cc68, type: 3}
      insertIndex: -1
      addedObject: {fileID: 6793504245356638468}
    - targetCorrespondingSourceObject: {fileID: 1137142834404541563, guid: ed4c49e8e12019d40a0f9e0d4889cc68, type: 3}
      insertIndex: -1
      addedObject: {fileID: 6793504245040952206}
    - targetCorrespondingSourceObject: {fileID: 1137142835878717719, guid: ed4c49e8e12019d40a0f9e0d4889cc68, type: 3}
      insertIndex: -1
      addedObject: {fileID: 3279689936028278707}
  m_SourcePrefab: {fileID: 100100000, guid: ed4c49e8e12019d40a0f9e0d4889cc68, type: 3}
--- !u!1 &5872853876011526027 stripped
GameObject:
  m_CorrespondingSourceObject: {fileID: 1137142835490011037, guid: ed4c49e8e12019d40a0f9e0d4889cc68, type: 3}
  m_PrefabInstance: {fileID: 6793504246373437462}
  m_PrefabAsset: {fileID: 0}
--- !u!114 &6793504246373437461
MonoBehaviour:
  m_ObjectHideFlags: 0
  m_CorrespondingSourceObject: {fileID: 0}
  m_PrefabInstance: {fileID: 0}
  m_PrefabAsset: {fileID: 0}
  m_GameObject: {fileID: 5872853876011526027}
  m_Enabled: 1
  m_EditorHideFlags: 0
  m_Script: {fileID: 11500000, guid: eebe3177417c87944affce3a47397fec, type: 3}
  m_Name: 
  m_EditorClassIdentifier: 
  textField: {fileID: 5872853876011526029}
  OnMultiplicationResult:
    m_PersistentCalls:
      m_Calls: []
--- !u!114 &5872853876011526029 stripped
MonoBehaviour:
  m_CorrespondingSourceObject: {fileID: 1137142835490011035, guid: ed4c49e8e12019d40a0f9e0d4889cc68, type: 3}
  m_PrefabInstance: {fileID: 6793504246373437462}
  m_PrefabAsset: {fileID: 0}
  m_GameObject: {fileID: 5872853876011526027}
  m_Enabled: 1
  m_EditorHideFlags: 0
  m_Script: {fileID: 11500000, guid: f4688fdb7df04437aeb418b961361dc5, type: 3}
  m_Name: 
  m_EditorClassIdentifier: 
--- !u!224 &5872853876899330305 stripped
RectTransform:
  m_CorrespondingSourceObject: {fileID: 1137142835878717719, guid: ed4c49e8e12019d40a0f9e0d4889cc68, type: 3}
  m_PrefabInstance: {fileID: 6793504246373437462}
  m_PrefabAsset: {fileID: 0}
--- !u!4 &5872853877306561645 stripped
Transform:
  m_CorrespondingSourceObject: {fileID: 1137142834404541563, guid: ed4c49e8e12019d40a0f9e0d4889cc68, type: 3}
  m_PrefabInstance: {fileID: 6793504246373437462}
  m_PrefabAsset: {fileID: 0}
